 Dungeon Crawl Stone Soup version 0.18-a0-1243-g9e52518 (webtiles) character file.

290 abixa the Slasher (level 6, -6/44 HPs)
             Began as a Human Gladiator on Feb 5, 2016.
             Mangled by an ogre
             ... wielding a +0 giant spiked club
              (16 damage)
             ... on level 4 of the Dungeon.
             The game lasted 00:08:59 (4218 turns).

abixa the Slasher (Human Gladiator)                 Turns: 4218, Time: 00:08:59

Health: -6/44      AC:  8    Str: 15    XL:     6   Next: 58%
Magic:  6/6        EV: 11    Int: 10    God:
Gold:   110        SH:  0    Dex: 14    Spells: 0 memorised, 5 levels left

rFire  . . .     SeeInvis .     A - +0 dagger (venom)
rCold  . . .     Gourm    .     v - +0 ring mail
rNeg   . . .     Faith    .     (no shield)
rPois  .         Spirit   .     c - +0 helmet
rElec  .         Dismiss  .     (no cloak)
rCorr  .         Reflect  .     y - +1 pair of gloves
SustAt .         Harm     .     (no boots)
MR     .....                    (no amulet)
Stlth  +.........               (no ring)
                                (no ring)

@: drained, not resistant to hostile enchantments, very unstealthy
A: no striking features
a: no special abilities


You were on level 4 of the Dungeon.
You were not hungry.

You visited 1 branch of the dungeon, and saw 4 of its levels.

You collected 110 gold pieces.

Inventory:

Hand Weapons
 a - a +0 long sword
 A - a +0 dagger of venom (weapon)
Missiles
 g - 90 stones (quivered)
 l - 17 bolts
 m - 40 sling bullets
 z - 8 sling bullets of flame
Armour
 c - a +0 helmet (worn)
 e - a +2 robe of magic resistance
 v - a +0 ring mail (worn)
 y - a +1 pair of gloves (worn)
Scrolls
 h - a scroll of enchant weapon {unknown}
 i - 2 scrolls of remove curse {unknown}
 k - a scroll of recharging {unknown}
 o - a scroll of fog {unknown}
 p - a scroll of identify {unknown}
 q - a scroll of blinking {unknown}
 t - a scroll of teleportation {unknown}
 u - a scroll of random uselessness {unknown}
Potions
 j - a potion of cancellation {unknown}
 n - 3 potions of flight {unknown}
 r - 4 potions of invisibility {unknown}
 s - 2 potions of poison {unknown}
 w - a potion of curing {unknown}
 x - 2 potions of haste {unknown}
Comestibles
 d - 4 chunks of flesh
 f - a bread ration


   Skills:
 - Level 2.0(1.9) Fighting
 + Level 6.9(6.8) Long Blades
 - Level 2.0(1.9) Throwing
 - Level 3.0(2.9) Dodging


You had 5 spell levels left.
You didn't know any spells.

Dungeon Overview and Level Annotations

Branches:
Dungeon (4/15)
 Temple: D:4-7

Altars:
Nemelex Xobeh
Pakellas
Vehumet
Xom

Annotations:
D:3 exclusion: upstairs, YrmMerkstave's ghost, amateur DrTm


Message History

You barely miss the ogre.
The ogre hits you with a giant spiked club!
You barely miss the ogre. You hit the ogre.
The ogre is poisoned.
The ogre is lightly wounded.
The ogre hits you with a giant spiked club!!
Ouch! That really hurt!
* * * LOW HITPOINT WARNING * * *
You are too injured to fight recklessly!
You are too injured to fight recklessly!
You are too injured to fight recklessly!
You are too injured to fight recklessly!
You are too injured to fight recklessly!
You are too injured to fight recklessly!
You hit the ogre but do no damage.
The ogre looks even sicker.
The ogre is lightly wounded.
You closely miss the ogre.
The ogre is moderately wounded.
The ogre hits you with a giant spiked club!
You die...

.... ### #@#
#O# #.#
....O.......W..
........##.#.##
##.###### # #


You could see an ogre.

Vanquished Creatures
  An ogre (D:3)
  A phantom (D:4)
  5 adders
  2 worms (D:3)
  3 giant geckos (D:3)
  5 orcs (D:3)
  A ball python (D:1)
  3 giant cockroaches (D:2)
  5 goblins
  7 hobgoblins
  8 bats
  2 giant newts
  10 kobolds
  5 rats
58 creatures vanquished.

Notes
Turn   | Place    | Note
--------------------------------------------------------------
     0 | D:1      | abixa the Human Gladiator began the quest for the Orb.
     0 | D:1      | Reached XP level 1. HP: 16/16 MP: 1/1
   206 | D:1      | Reached XP level 2. HP: 22/22 MP: 2/2
   899 | D:2      | Reached skill level 4 in Long Blades
   899 | D:2      | Reached XP level 3. HP: 27/27 MP: 3/3
   929 | D:2      | Found a sparkling altar of Nemelex Xobeh.
   929 | D:2      | Found a radiant altar of Vehumet.
  1258 | D:2      | Found a shimmering altar of Xom.
  1330 | D:2      | Found an oddly glowing altar of Pakellas.
  1834 | D:3      | Noticed YrmMerkstave's ghost (amateur DrTm)
  1948 | D:3      | Reached XP level 4. HP: 33/33 MP: 4/4
  2338 | D:3      | Reached skill level 5 in Long Blades
  2712 | D:4      | Noticed a phantom
  2815 | D:4      | Noticed a phantom
  2861 | D:4      | Killed a phantom
  2861 | D:4      | Reached skill level 6 in Long Blades
  2861 | D:4      | Reached XP level 5. HP: 5/38 MP: 5/5
  3289 | D:4      | Noticed an ogre
  3298 | D:3      | Reached XP level 6. HP: 26/44 MP: 6/6
  3806 | D:4      | Noticed an ogre
  4042 | D:3      | Killed an ogre
  4218 | D:4      | Mangled by an ogre

Vault maps used:
D:1:      dpeg_arrival_lava_temple_mockup
D:2:      marbit_many_paths, nicolae_overflow_hidden_temple,
          gammafunk_temple_overflow_elements, minmay_bisected
D:4:      nicolae_overflow_crystal_walls

Action                   |  1- 3 |  4- 6 || total
-------------------------+-------+-------++-------
Melee: Long sword        |   117 |   133 ||   250
       Dagger            |       |     9 ||     9
Throw: Tomahawk          |       |     8 ||     8
       Stone             |       |     3 ||     3
       Throwing net      |       |     3 ||     3
 Stab: Sleeping          |     1 |     1 ||     2
       Held in net/web   |       |     3 ||     3
  Eat: Chunk             |     2 |     5 ||     7
       Bread ration      |       |     1 ||     1
